 Dungeon Crawl Stone Soup version 0.20.0 (webtiles) character file.

37 aesoa the Skirmisher (level 3, -1/27 HPs)
             Began as an Octopode Monk on June 22, 2017.
             Killed from afar by a dart slug (6 damage)
             ... with a slug dart
             ... on level 2 of the Dungeon.
             The game lasted 00:02:34 (823 turns).

aesoa the Skirmisher (Octopode Monk)                 Turns: 823, Time: 00:02:35

Health: -1/27      AC:  1    Str: 10    XL:     3   Next: 39%
Magic:  3/3        EV: 14    Int: 12    God:
Gold:   35         SH:  0    Dex: 15    Spells: 2/2 levels left

rFire    . . .     SeeInvis .   a - +0 falchion
rCold    + . .     Gourm    .   (no shield)
rNeg     . . .     Faith    .   (helmet restricted)
rPois    .         Spirit   .   (no amulet)
rElec    .         Reflect  .   j - ring of protection from cold
rCorr    .         Harm     .   (no ring)
MR       .....                  (no ring)
Stlth    +++.......             (no ring)
Regen    0.1/turn               (no ring)
MPRegen  0.1/turn               (no ring)
                                (no ring)
                                (no ring)

@: no status effects
A: almost no armour, stealthy swim, amphibious, 8 rings, constrict 8, camouflage
1, gelatinous body 1
a: no special abilities


You were on level 2 of the Dungeon.
You were not hungry.

You visited 1 branch of the dungeon, and saw 2 of its levels.

You collected 35 gold pieces.

Inventory:

Hand Weapons
 a - a +0 falchion (weapon)
Jewellery
 j - a ring of protection from cold (left tentacle)
Scrolls
 c - a scroll of teleportation {unknown}
 d - a scroll of magic mapping {unknown}
 e - a scroll of amnesia {unknown}
 g - a scroll of identify {unknown}
 i - a scroll of blinking {unknown}
Potions
 h - a potion of mutation {unknown}
Comestibles
 b - a bread ration
 f - 2 meat rations


   Skills:
 + Level 4.3 Fighting
 - Level 3.0 Long Blades
 - Level 3.0 Dodging
 - Level 2.6 Stealth


You had 2 spell levels left.
You didn't know any spells.

Dungeon Overview and Level Annotations

Branches:
Dungeon (2/15)

Altars:


Innate Abilities, Weirdness & Mutations

You cannot wear most types of armour.
You are very stealthy in the water. (Stealth+)
You are amphibious.
You can wear up to eight rings at the same time.
You can use your tentacles to constrict eight enemies at once.
Your skin changes colour to match your surroundings (Stealth+).
Your rubbery body absorbs attacks. (AC +1, EV +1)


Message History

Found 2 gold pieces.
You hit the hobgoblin but do no damage. Your grab misses the hobgoblin.
The hobgoblin hits you with a club.
A hobgoblin comes into view.
The dart slug launches a dart at you. The slug dart hits you!
* * * LOW HITPOINT WARNING * * *
The hobgoblin closely misses you.
You riposte.
You hit the hobgoblin but do no damage. You grab the hobgoblin.
You squeeze the hobgoblin.
The hobgoblin is almost dead.
You release your grip on the hobgoblin.
The adder bites you.
* * * LOW HITPOINT WARNING * * *
You hit the hobgoblin.
You kill the hobgoblin!
The adder misses you. The dart slug launches a dart at you.
The slug dart hits you!
You die...

###...... #+###
###8#.....# .!...
......>...###....#
$................
................
#.............
#######.............
......!.#....w.#
#.S@)..g##.# ...
#........# .. ....
............# ..#.....
.............######.....
..................#.....
............##..........
.......................)
............#.......####
...................#


You could see an adder, a dart slug and a hobgoblin.

Vanquished Creatures
  2 adders (D:2)
  A dart slug (D:1)
  A leopard gecko (D:1)
  2 hobgoblins
  3 kobolds
  4 bats (D:1)
  A frilled lizard (D:1)
  6 rats (D:1)
20 creatures vanquished.

Notes
Turn   | Place    | Note
-------+----------+-------------------------------------------
     0 | D:1      | aesoa the Octopode Monk began the quest for the Orb.
     0 | D:1      | Reached XP level 1. HP: 16/16 MP: 1/1
   289 | D:1      | Reached XP level 2. HP: 21/21 MP: 2/2
   797 | D:2      | Reached skill level 4 in Fighting
   797 | D:2      | Reached XP level 3. HP: 20/27 MP: 3/3
   823 | D:2      | Killed from afar by a dart slug

Skill      XL: |  1  2 |
---------------+-------+-----
Fighting       | 4 |  4.3
Long Blades    | |  3.0
Dodging        | |  3.0
Stealth        | |  2.6

Action                   || total
-------------------------++-------
Melee: Falchion          ||    31
       Constrict         ||    11
       Tentacles         ||     3
 Stab: Sleeping          ||    12
Armor: Skin              ||     1
Dodge: Dodged            ||    25
       Rpst.: Falchion   ||     9
